 Dungeon Crawl Stone Soup version 0.25-a0-670-g50981ef59b (webtiles) character file.

Game seed: 7023267788088868478, levelgen mode: deterministic

1337 BeastOfSaturn the Archer (level 8, 0/67 HPs)
             Began as a Centaur Hunter on Mar 28, 2020.
             Succumbed to a killer bee's poison
             ... on level 6 of the Dungeon on Mar 29, 2020.
             The game lasted 00:25:25 (8410 turns).

BeastOfSaturn the Archer (Centaur Hunter)           Turns: 8410, Time: 00:25:26

Health: 0/67       AC:  9    Str: 16    XL:     8   Next: 35%
Magic:  8/8        EV:  5    Int: 10    God:
Gold:   469        SH:  0    Dex: 11    Spells: 7/7 levels left

rFire    . . .     SeeInvis .   a - +1 shortbow
rCold    . . .     Gourm    .   (shield currently unavailable)
rNeg     . . .     Faith    .   h - +0 chain mail
rPois    .         Spirit   .   (no helmet)
rElec    .         Reflect  .   x - +0 cloak
rCorr    .         Harm     .   (no gloves)
MR       .....                  (no barding)
Stlth    ..........             (no amulet)
HPRegen  0.21/turn              (no ring)
MPRegen  0.11/turn              D - ring of wizardry

@: brilliant, lethally poisoned (0 -> -5), very quick
A: large, hooves 3, deformed body, speed 2, tough skin 3
a: no special abilities


You were on level 6 of the Dungeon.
You were very hungry.

You visited 1 branch of the dungeon, and saw 7 of its levels.

You collected 469 gold pieces.

Inventory:

Hand Weapons
 a - a +1 shortbow (weapon)
 b - a +0 war axe of venom
 q - a +0 long sword of venom
Missiles
 u - 43 arrows (quivered)
Armour
 c - a +0 leather armour
 h - a +0 chain mail (worn)
 x - a +0 cloak (worn)
Jewellery
 y - an uncursed ring of fire
 D - a ring of wizardry (right hand)
 E - an uncursed amulet of faith
Wands
 p - a wand of enslavement (8)
 t - a wand of scattershot (7)
 C - a wand of disintegration (3)
Scrolls
 e - a scroll of magic mapping
 g - 2 scrolls of teleportation
 i - 3 scrolls of remove curse
 k - a scroll of noise
 l - a scroll of fear {unknown}
 s - 2 scrolls of blinking {unknown}
 w - 3 scrolls of identify
 A - a scroll of brand weapon {unknown}
Potions
 d - a potion of degeneration {unknown}
 j - a potion of invisibility {unknown}
 m - a potion of resistance {unknown}
 n - a potion of brilliance
 o - a potion of lignification {unknown}
 r - a potion of curing {unknown}
 v - 2 potions of haste {unknown}
 z - a potion of magic
 B - 3 potions of might
Comestibles
 f - 6 rations


   Skills:
 * Level 4.9 Fighting
 * Level 3.0 Axes
 * Level 10.4 Bows
 * Level 3.3 Armour
 - Level 1.3 Dodging
 - Level 0.4 Stealth


You had 7 spell levels left.
You didn't know any spells.
Your spell library contained the following spells:

 Spells                   Type           Power        Failure   Level  Hunger
 Confusing Touch          Hex            #.......     99%         3    None
 Gell's Gravitas          Tloc           #.........   99%         3    None
 Petrify                  Tmut/Erth      #.......     100%        4    None
 Metabolic Englaciation   Hex/Ice        #.........   100%        5    None
 Yara's Violent Unravell  Hex/Tmut       #.........   100%        5    None


Dungeon Overview and Level Annotations

Branches:
Dungeon (7/15)
 Temple: D:4-7

Altars:
Fedhas
Gozag
Nemelex Xobeh
Zin


Innate Abilities, Weirdness & Mutations

You have hooves in place of feet.
Armour fits poorly on your strangely shaped body.
You cover ground very quickly.
You have extremely tough skin. (AC +3)


Message History

You are more poisoned.
The killer bee poisons you!
You climb upwards.
You feel sick.
There is a stone staircase leading down here.
The killer bee completely misses you. The killer bee stings you.
* * * LOW HITPOINT WARNING * * *
You feel sick.
You feel sick. The killer bee stings you!
* * * LOW HITPOINT WARNING * * *
There is an open door, spattered with blood here.
Firing (i - inventory)
u - 43 arrows (quivered)
Press: ? - help, Shift-Dir - straight line, f - killer bee
Aim: a killer bee
Okay, then.
It was a potion of brilliance.
You feel clever all of a sudden.
* * * LOW HITPOINT WARNING * * *
You feel sick.
It was a potion of magic.
Magic courses through your body.
You die...

#.......#...........##.# #.# #
#.##......####.#....##.####.###
# #.##.##.###
#................### #.##.##.#
#.#...###.####...... #.##.##.#
#....>....# #.#.### #.......#
####.###### #...... ####.####
#y# #.#.### #.# ##'## #.#.# #
#.# ##@y.## #.#.# # #.####
##.....## #.#.### #.##.##
##.......## ##......
#.#...####.........####....###
#........'.........+..........
###...####.........####....###
##.## ##.......## ##.#.# #.#
##.....## ###.# #.# ##...##
####.#


You could see 2 killer bees.

Vanquished Creatures
  Sigmund (D:2)
  Eustachio (D:6)
  A centaur (D:6)
  A bullfrog (D:6)
  5 wights
  3 crimson imps
  4 hounds
  An orc priest (D:6)
  A centaur skeleton (D:2)
  3 orc wizards
  A bullfrog skeleton (D:6)
  Ijyb (D:3)
  3 worker ants
  A hound skeleton (D:6)
  5 adders
  A shadow imp (D:6)
  4 oozes
  4 worms
  2 leopard geckos
  8 orcs
  16 bats
  10 giant cockroaches
  13 goblins
  7 hobgoblins
  11 jackals
  2 quokkas (D:6)
  5 frilled lizards
  6 kobolds
  A leopard gecko skeleton (D:6)
  6 rats
128 creatures vanquished.

Notes
Turn   | Place    | Note
-------+----------+-------------------------------------------
     0 | D:1      | BeastOfSaturn the Centaur Hunter began the quest for the
                  | Orb.
     0 | D:1      | Reached XP level 1. HP: 17/17 MP: 1/1
   249 | D:1      | Reached XP level 2. HP: 24/24 MP: 2/2
   425 | D:1      | Reached skill level 6 in Bows
   996 | D:2      | Reached XP level 3. HP: 29/29 MP: 3/3
  1244 | D:2      | Noticed Sigmund
  1310 | D:2      | Reached skill level 7 in Bows
  1310 | D:2      | Reached XP level 4. HP: 18/37 MP: 4/4
  2316 | D:1      | Upgraded the game from 0.25-a0-668-gea548f19b6 to
                  | 0.25-a0-670-g50981ef59b
  2913 | D:3      | Reached skill level 1 in Armour
  3360 | D:3      | Reached XP level 5. HP: 37/42 MP: 5/5
  3745 | D:3      | Noticed Ijyb
  3754 | D:3      | Killed Ijyb
  4577 | D:4      | Reached XP level 6. HP: 35/51 MP: 6/6
  4710 | D:4      | Found an opulent altar of Gozag.
  4750 | D:4      | Reached skill level 1 in Axes
  5271 | D:5      | Entered Level 5 of the Dungeon
  5271 | D:5      | Found a sparkling altar of Nemelex Xobeh.
  5534 | D:5      | Reached skill level 8 in Bows
  5542 | D:4      | HP: 2/51 [wight/cursed +4 scimitar (1)]
  6085 | D:5      | Reached XP level 7. HP: 58/58 MP: 7/7
  6462 | D:5      | Found a glowing silver altar of Zin.
  6745 | D:2      | Killed Sigmund
  6745 | D:2      | Reached skill level 9 in Bows
  7227 | D:6      | Reached XP level 8. HP: 65/67 MP: 8/8
  7766 | D:6      | Reached skill level 10 in Bows
  7785 | D:6      | Noticed Eustachio
  7811 | D:6      | Killed Eustachio
  7994 | D:6      | Found a blossoming altar of Fedhas.
  8407 | D:6      | HP: 1/67 [killer bee (7)]
  8410 | D:6      | Succumbed to a killer bee's poison

Levels and vault maps discovered:
D:1:      tarquinn_simple_flora_water_f, layout_basic, st_stairs_7
D:2:      layout_loops_cross, uniq_sigmund
D:3:      kennysheep_goblin_castle, layout_loops_ring
D:4:      layout_basic, kennysheep_mini
D:5:      layout_cave_pools, nemelex_xobeh_ov_fountains_minmay, zin_treasury,
          first_ration
D:6:      layout_loops_corners, fedhas_altar_3, minmay_diced_spiral,
          uniq_eustachio
D:7:      layout_cave_pools, nicolae_qazlal_general_emergency,
          minmay_temple_entry_ruins, uniq_duvessa

Skill      XL: |  1  2  3  4  5  6  7  8 |
---------------+-------------------------+-----
Bows           | 6 7 8 9 10 | 10.4
Armour         | 1 2 3 |  3.3
Fighting       | 3 4 |  4.9
Axes           | 2 3 |  3.0
Dodging        | |  1.3
Stealth        | |  0.4

Action                   |  1- 3 |  4- 6 |  7- 9 || total
-------------------------+-------+-------+-------++-------
Melee: Short sword       |    22 |   202 |       ||   224
       Kick              |     6 |    62 |     5 ||    73
       War axe           |       |    67 |    51 ||   118
 Fire: Shortbow          |    71 |    71 |   130 ||   272
  Use: Scroll            |       |     4 |     2 ||     6
       Potion            |       |       |     2 ||     2
  Eat: Ration            |       |     4 |     5 ||     9
Armor: Leather armour    |     9 |       |       ||     9
       Chain mail        |    41 |   194 |    67 ||   302
Dodge: Dodged            |    16 |    70 |    23 ||   109

Table legend:
 A = Non-vault XP
 B = Vault XP
 C = Vault XP percentage of total XP
 D = Non-vault monster count
 E = Vault monster count
 F = Vault count percentage of total count
                 A         B        C        D         E       F
            +---------+---------+-------+---------+---------+-------
      Total |    1227 |     683 |  35.8 |     111 |      17 |  13.3
            +---------+---------+-------+---------+---------+-------
        D:1 |      35 |       2 |   5.4 |      17 |       1 |   5.6
        D:2 |     117 |     208 |  64.0 |      29 |       1 |   3.3
        D:3 |      60 |      68 |  53.1 |      23 |      12 |  34.3
        D:4 |     288 |       0 |   0.0 |      13 |       0 |   0.0
        D:5 |     318 |       0 |   0.0 |       9 |       0 |   0.0
        D:6 |     362 |     405 |  52.8 |      18 |       3 |  14.3
        D:7 |      47 |       0 |   0.0 |       2 |       0 |   0.0
            +---------+---------+-------+---------+---------+-------
